| TOP OF THE 1ST |
|
New Orleans Zephyrs batting - Pitching for Memphis Redbirds : LHP Brad Jonas
|
|
Pitching: LHP Brad Jonas
|
|
|
Batting: RHB Jerry Delgado
|
0-0: Called Strike 0-1: Fly out, F9 (Flyball, 9, EV 88.8 MPH)
|
|
Batting: RHB Omar Contreras
|
0-0: Foul Ball, location: 2F 0-1: Foul Ball, location: 2F 0-2: Ball 1-2: Foul Ball, location: 2F 1-2: Foul Ball, location: 2F 1-2: Ball 2-2: Strikes out swinging
|
|
Batting: RHB Alex Gomez
|
0-0: Hit by Pitch
|
|
Batting: RHB Gebre-Giorgios Tikolo
|
0-0: Ball 1-0: Called Strike 1-1: Ball 2-1: Fielders Choice at 2nd, 5-4 (Groundball, 5L, EV 85.6 MPH)
|
| Top of the 1st over - 0 runs, 0 hits, 0 errors, 1 left on base; New Orleans 0 - Memphis 0 |
| BOTTOM OF THE 1ST |
|
Memphis Redbirds batting - Pitching for New Orleans Zephyrs : RHP Jose Velez
|
|
Pitching: RHP Jose Velez
|
|
|
Batting: SHB Luke Robbins
|
0-0: Ball 1-0: Bunt missed! 1-1: Ball 2-1: Called Strike 2-2: Ground out 6-3 (Groundball, 56, EV 93.1 MPH)
|
|
Batting: LHB Tom Butterbaugh
|
0-0: Ball 1-0: Ball 2-0: Foul Ball, location: 2F 2-1: Ground out U3 (Groundball, 34S, EV 77.5 MPH)
|
|
Batting: RHB Eric Chotkowski
|
0-0: Called Strike 0-1: Ball 1-1: Foul Ball, location: 2F 1-2: Strikes out swinging, 2-3 out at first.
|
| Bottom of the 1st over - 0 runs, 0 hits, 0 errors, 0 left on base; New Orleans 0 - Memphis 0 |
| TOP OF THE 2ND |
|
New Orleans Zephyrs batting - Pitching for Memphis Redbirds : LHP Brad Jonas
|
|
Batting: RHB Jesus Castillo
|
0-0: Called Strike 0-1: Foul Ball, location: 2F 0-2: Ground out 6-3 (Groundball, 56, EV 91.9 MPH)
|
|
Batting: RHB Humberto Oros
|
0-0: Swinging Strike 0-1: Ground out 5-3 (Groundball, 56, EV 100.6 MPH)
|
|
Batting: RHB Chris Lee
|
0-0: Fly out, F7 (Line Drive, 7, EV 98.1 MPH)
|
| Top of the 2nd over - 0 runs, 0 hits, 0 errors, 0 left on base; New Orleans 0 - Memphis 0 |
| BOTTOM OF THE 2ND |
|
Memphis Redbirds batting - Pitching for New Orleans Zephyrs : RHP Jose Velez
|
|
Batting: LHB Melvin Salgado
|
0-0: Called Strike 0-1: SINGLE (Groundball, 4D, EV 94.4 MPH)
|
|
Batting: RHB Nick Gentzel
|
0-0: Ball 1-0: Called Strike 1-1: Reached on error, E6 (Groundball, 6, EV 105.6 MPH) Melvin Salgado to second
|
|
Batting: RHB Josh Hoeye
|
0-0: Foul Ball, location: 2F 0-1: Swinging Strike 0-2: Ball 1-2: Ball 2-2: Ball 3-2: Base on Balls Melvin Salgado to third Nick Gentzel to second
|
|
Batting: RHB Roberto Lemus
|
0-0: Called Strike 0-1: Grounds into double play, 6-4-3 (Groundball, 6, EV 101.2 MPH) Melvin Salgado scores Nick Gentzel to third
|
|
Batting: RHB Colin Boddy
|
0-0: Ground out 5-3 (Groundball, 5S, EV 86.9 MPH)
|
| Bottom of the 2nd over - 1 run, 1 hit, 1 error, 1 left on base; New Orleans 0 - Memphis 1 |
| TOP OF THE 3RD |
|
New Orleans Zephyrs batting - Pitching for Memphis Redbirds : LHP Brad Jonas
|
|
Batting: SHB Ramon Martinez
|
0-0: Ball 1-0: Called Strike 1-1: Foul Ball, location: 2F 1-2: Strikes out swinging
|
|
Batting: RHB John Jackson
|
0-0: Ball 1-0: Ball 2-0: Called Strike 2-1: Ground out 5-3 (Groundball, 5S, EV 92.5 MPH)
|
|
Batting: RHB Jerry Delgado
|
0-0: Fly out, F7 (Flyball, 7, EV 83.1 MPH)
|
| Top of the 3rd over - 0 runs, 0 hits, 0 errors, 0 left on base; New Orleans 0 - Memphis 1 |
| BOTTOM OF THE 3RD |
|
Memphis Redbirds batting - Pitching for New Orleans Zephyrs : RHP Jose Velez
|
|
Batting: RHB Tony Mendez
|
0-0: Ball 1-0: Ball 2-0: Fly out, F9 (Flyball, 9LS, EV 80.0 MPH)
|
|
Batting: SHB Luke Robbins
|
0-0: Swinging Strike 0-1: Foul Ball, location: 2F 0-2: Foul Ball, location: 2F 0-2: Fly out, F9 (Flyball, 9S, EV 85.0 MPH)
|
|
Batting: LHB Tom Butterbaugh
|
0-0: Ball 1-0: Called Strike 1-1: Ball 2-1: Fly out, F9 (Flyball, 9D, EV 102.5 MPH)
|
| Bottom of the 3rd over - 0 runs, 0 hits, 0 errors, 0 left on base; New Orleans 0 - Memphis 1 |
| TOP OF THE 4TH |
|
New Orleans Zephyrs batting - Pitching for Memphis Redbirds : LHP Brad Jonas
|
|
Batting: RHB Omar Contreras
|
0-0: Called Strike 0-1: Ball 1-1: Ball 2-1: Fly out, F8 (Line Drive, 8RM, EV 90.0 MPH)
|
|
Batting: RHB Alex Gomez
|
0-0: Ball 1-0: Called Strike 1-1: Ball 2-1: Ball 3-1: SOLO HOME RUN (Flyball, 78XD, EV 98.1 MPH), Distance : 389 ft
|
|
Pitching: RHP Ray Sasser
|
|
|
Batting: RHB Gebre-Giorgios Tikolo
|
0-0: Foul Ball, location: 2F 0-1: Swinging Strike 0-2: Strikes out looking
|
|
Batting: RHB Jesus Castillo
|
0-0: Ball 1-0: Foul Ball, location: 2F 1-1: Fly out, F8 (Flyball, 8RD, EV 96.9 MPH)
|
| Top of the 4th over - 1 run, 1 hit, 0 errors, 0 left on base; New Orleans 1 - Memphis 1 |
| BOTTOM OF THE 4TH |
|
Memphis Redbirds batting - Pitching for New Orleans Zephyrs : RHP Jose Velez
|
|
Batting: RHB Eric Chotkowski
|
0-0: Foul Ball, location: 2F 0-1: Ball 1-1: Ball 2-1: Fly out, F9 (Flyball, 9LM, EV 80.0 MPH)
|
|
Batting: LHB Melvin Salgado
|
0-0: Called Strike 0-1: Foul Ball, location: 2F 0-2: Ball 1-2: Fly out, F3 (Line Drive, 3, EV 68.1 MPH)
|
|
Batting: RHB Nick Gentzel
|
0-0: Ball 1-0: Ball 2-0: Ball 3-0: Called Strike 3-1: Foul Ball, location: 2F 3-2: Ground out 5-3 (Groundball, 5L, EV 86.9 MPH)
|
| Bottom of the 4th over - 0 runs, 0 hits, 0 errors, 0 left on base; New Orleans 1 - Memphis 1 |
| TOP OF THE 5TH |
|
New Orleans Zephyrs batting - Pitching for Memphis Redbirds : RHP Ray Sasser
|
|
Batting: RHB Humberto Oros
|
0-0: Swinging Strike 0-1: Foul Ball, location: 2F 0-2: Fly out, F8 (Flyball, 8LD, EV 105.6 MPH)
|
|
Batting: RHB Chris Lee
|
0-0: Ball 1-0: Swinging Strike 1-1: Foul Ball, location: 2F 1-2: Foul Ball, location: 2F 1-2: Ball 2-2: Strikes out swinging
|
|
Batting: SHB Ramon Martinez
|
0-0: Foul Ball, location: 2F 0-1: Ball 1-1: Called Strike 1-2: Ball 2-2: Foul Ball, location: 2F 2-2: Foul Ball, location: 2F 2-2: Strikes out swinging
|
| Top of the 5th over - 0 runs, 0 hits, 0 errors, 0 left on base; New Orleans 1 - Memphis 1 |
| BOTTOM OF THE 5TH |
|
Memphis Redbirds batting - Pitching for New Orleans Zephyrs : RHP Jose Velez
|
|
Batting: RHB Josh Hoeye
|
0-0: Swinging Strike 0-1: Fly out, F4 (Popup, 13, EV 78.8 MPH)
|
|
Batting: RHB Roberto Lemus
|
0-0: Ground out 5-3 (Groundball, 56, EV 81.2 MPH)
|
|
Batting: RHB Colin Boddy
|
0-0: Foul Ball, location: 2F 0-1: SINGLE (Groundball, 6D, EV 96.9 MPH)
|
|
Batting: RHB Tony Mendez
|
0-0: Called Strike 0-1: Ball 1-1: Ground out 5-3 (Groundball, 56S, EV 83.8 MPH)
|
| Bottom of the 5th over - 0 runs, 1 hit, 0 errors, 1 left on base; New Orleans 1 - Memphis 1 |
| TOP OF THE 6TH |
|
New Orleans Zephyrs batting - Pitching for Memphis Redbirds : RHP Ray Sasser
|
|
Batting: RHB John Jackson
|
0-0: Called Strike 0-1: Ball 1-1: Ground out 1-3 (Groundball, 34S, EV 75.0 MPH)
|
|
Batting: RHB Jerry Delgado
|
0-0: Swinging Strike 0-1: Foul Ball, location: 2F 0-2: Ground out 4-3 (Groundball, 4, EV 78.8 MPH)
|
|
Batting: RHB Omar Contreras
|
0-0: Called Strike 0-1: Ball 1-1: Swinging Strike 1-2: Ground out 5-3 (Groundball, 56, EV 79.4 MPH)
|
| Top of the 6th over - 0 runs, 0 hits, 0 errors, 0 left on base; New Orleans 1 - Memphis 1 |
| BOTTOM OF THE 6TH |
|
Memphis Redbirds batting - Pitching for New Orleans Zephyrs : RHP Jose Velez
|
|
Batting: SHB Luke Robbins
|
0-0: Called Strike 0-1: Ball 1-1: Ground out U3 (Groundball, 3, EV 80.6 MPH)
|
|
Batting: LHB Tom Butterbaugh
|
0-0: DOUBLE (Flyball, 78D, EV 108.1 MPH)
|
|
Batting: RHB Eric Chotkowski
|
0-0: Swinging Strike 0-1: Ball 1-1: Ball 2-1: Fly out, F7 (Flyball, 7D, EV 93.8 MPH) Runner from 2nd tags up, SAFE at 3rd, no throw by LF
|
|
Batting: LHB Melvin Salgado
|
0-0: Ball 1-0: Called Strike 1-1: Called Strike 1-2: Ball 2-2: Foul Ball, location: 2F 2-2: Ball 3-2: Base on Balls
|
|
Batting: RHB Nick Gentzel
|
0-0: Ball 1-0: Ball 2-0: Called Strike 2-1: Ball 3-1: Base on Balls Melvin Salgado to second
|
|
Batting: RHB Josh Hoeye
|
0-0: Foul Ball, location: 2F 0-1: Reached via error on a dropped throw from 3B, E4 (Groundball, 56, EV 91.2 MPH) Tom Butterbaugh scores Melvin Salgado to third Nick Gentzel to second
|
|
Batting: RHB Roberto Lemus
|
0-0: Swinging Strike 0-1: Ball 1-1: Swinging Strike 1-2: Ball 2-2: Foul Ball, location: 2F 2-2: Fly out, F8 (Flyball, 8LM, EV 86.2 MPH)
|
| Bottom of the 6th over - 1 run, 1 hit, 1 error, 3 left on base; New Orleans 1 - Memphis 2 |
| TOP OF THE 7TH |
|
New Orleans Zephyrs batting - Pitching for Memphis Redbirds : RHP Ray Sasser
|
|
Pitching: LHP Paul Gill
|
|
|
Batting: RHB Alex Gomez
|
0-0: Ball 1-0: Foul Ball, location: 2F 1-1: Ball 2-1: Swinging Strike 2-2: Strikes out swinging, 2-3 out at first.
|
|
Batting: RHB Gebre-Giorgios Tikolo
|
0-0: Swinging Strike 0-1: SINGLE (Groundball, 56, EV 94.4 MPH)
|
|
Batting: RHB Jesus Castillo
|
0-0: Called Strike 0-1: Ball 1-1: Called Strike 1-2: Strikes out swinging
|
|
Batting: RHB Humberto Oros
|
0-0: Swinging Strike 0-1: Foul Ball, location: 2F 0-2: Ground out 6-3 (Groundball, 6, EV 97.5 MPH)
|
| Top of the 7th over - 0 runs, 1 hit, 0 errors, 1 left on base; New Orleans 1 - Memphis 2 |
| BOTTOM OF THE 7TH |
|
Memphis Redbirds batting - Pitching for New Orleans Zephyrs : RHP Jose Velez
|
|
Batting: RHB Colin Boddy
|
0-0: Ball 1-0: Ball 2-0: Called Strike 2-1: Foul Ball, location: 2F 2-2: Foul Ball, location: 2F 2-2: Ball 3-2: Ground out 6-3 (Groundball, 56, EV 95.0 MPH)
|
|
Batting: RHB Tony Mendez
|
0-0: Ground out 2-3 (Groundball, 15S, EV 59.4 MPH)
|
|
Batting: SHB Luke Robbins
|
0-0: Swinging Strike 0-1: Swinging Strike 0-2: Ball 1-2: Ball 2-2: Foul Ball, location: 2F 2-2: DOUBLE (Groundball, 5L, EV 103.8 MPH)
|
|
Pitching: RHP Campbell Wagenmakers
|
|
|
Batting: LHB Tom Butterbaugh
|
0-0: Ball 1-0: Ball 2-0: Foul Ball, location: 2F 2-1: Foul Ball, location: 2F 2-2: Ball 3-2: Ground out U3 (Groundball, 3L, EV 100.0 MPH)
|
| Bottom of the 7th over - 0 runs, 1 hit, 0 errors, 1 left on base; New Orleans 1 - Memphis 2 |
| TOP OF THE 8TH |
|
New Orleans Zephyrs batting - Pitching for Memphis Redbirds : LHP Paul Gill
|
|
Batting: RHB Chris Lee
|
0-0: Ball 1-0: Swinging Strike 1-1: Fly out, F6 (Popup, 6D, EV 53.1 MPH)
|
|
Batting: SHB Ramon Martinez
|
0-0: Called Strike 0-1: Ball 1-1: Called Strike 1-2: Foul Ball, location: 2F 1-2: Strikes out swinging
|
|
Batting: RHB John Jackson
|
0-0: Foul Ball, location: 2F 0-1: Ball 1-1: Foul Ball, location: 2F 1-2: Ball 2-2: Foul Ball, location: 2F 2-2: Foul Ball, location: 2F 2-2: Foul Ball, location: 2F 2-2: Fly out, F9 (Flyball, 9LD, EV 102.5 MPH)
|
| Top of the 8th over - 0 runs, 0 hits, 0 errors, 0 left on base; New Orleans 1 - Memphis 2 |
| BOTTOM OF THE 8TH |
|
Memphis Redbirds batting - Pitching for New Orleans Zephyrs : RHP Campbell Wagenmakers
|
|
Batting: RHB Eric Chotkowski
|
0-0: Ball 1-0: Foul Ball, location: 2F 1-1: Ball 2-1: Called Strike 2-2: SOLO HOME RUN (Flyball, 9D, EV 95.6 MPH), Distance : 357 ft
|
|
Batting: LHB Melvin Salgado
|
0-0: Foul Ball, location: 2F 0-1: Foul Ball, location: 2F 0-2: Ball 1-2: Ball 2-2: Foul Ball, location: 2F 2-2: Ball 3-2: Foul Ball, location: 2F 3-2: Ground out 4-3 (Groundball, 4, EV 103.1 MPH)
|
|
Batting: RHB Nick Gentzel
|
0-0: Called Strike 0-1: Ball 1-1: Ball 2-1: Foul Ball, location: 2F 2-2: Foul Ball, location: 2F 2-2: Foul Ball, location: 2F 2-2: Foul Ball, location: 2F 2-2: Foul Ball, location: 2F 2-2: Ball 3-2: Foul Ball, location: 2F 3-2: Fly out, F6 (Line Drive, 6, EV 68.1 MPH)
|
|
Pitching: RHP Jason Davis
|
|
|
Batting: RHB Josh Hoeye
|
0-0: Called Strike 0-1: Ball 1-1: Called Strike 1-2: Ball 2-2: Foul Ball, location: 2F 2-2: SINGLE (Groundball, 6M, EV 101.9 MPH)
|
|
Batting: RHB Roberto Lemus
|
0-0: Ball 1-0: Ball 2-0: Fielders Choice at 2nd, 6-4 (Groundball, 6, EV 87.5 MPH)
|
| Bottom of the 8th over - 1 run, 2 hits, 0 errors, 1 left on base; New Orleans 1 - Memphis 3 |
| TOP OF THE 9TH |
|
New Orleans Zephyrs batting - Pitching for Memphis Redbirds : LHP Paul Gill
|
|
Pitching: RHP Rodolfo Mendez
|
|
|
Batting: RHB Jerry Delgado
|
0-0: Called Strike 0-1: Swinging Strike 0-2: Foul Ball, location: 2F 0-2: Strikes out swinging
|
|
Batting: RHB Omar Contreras
|
0-0: Foul Ball, location: 2F 0-1: Swinging Strike 0-2: SINGLE (Line Drive, 4D, EV 98.8 MPH)
|
|
Batting: RHB Alex Gomez
|
0-0: Foul Ball, location: 2F 0-1: Fly out, F7 (Flyball, BS2, EV 92.5 MPH)
|
|
Batting: RHB Gebre-Giorgios Tikolo
|
0-0: Fly out, F2 (Popup, 23F, EV 91.2 MPH)
|
| Top of the 9th over - 0 runs, 1 hit, 0 errors, 1 left on base; New Orleans 1 - Memphis 3 |
|